 Dungeon Crawl Stone Soup version 0.20-a0-927-g1ae2c61 (webtiles) character file.

36 M4edhros the Vexing (level 3, -4/32 HPs)
             Began as a Troll Arcane Marksman on Mar 29, 2017.
             Slain by Sigmund
             ... wielding a +0 scythe
              (8 damage)
             ... on level 2 of the Dungeon.
             The game lasted 00:01:12 (982 turns).

M4edhros the Vexing (Troll Arcane Marksman)          Turns: 982, Time: 00:01:13

Health: -4/32      AC:  5    Str: 18    XL:     3   Next: 19%
Magic:  3/3        EV: 15    Int: 10    God:
Gold:   35         SH:  0    Dex: 15    Spells: 3/4 levels left

rFire    . . .     SeeInvis .   a - +0 hunting sling
rCold    . . .     Gourm    +   (no shield)
rNeg     . . .     Faith    .   e - +0 robe
rPois    .         Spirit   .   (helmet restricted)
rElec    .         Reflect  .   (no cloak)
rCorr    .         Harm     .   (gloves unavailable)
MR       .....                  (boots unavailable)
Stlth    ++........             (no amulet)
Regen    0.5/turn               (no ring)
MPRegen  0.1/turn               (no ring)

@: agile
A: unfitting armour, claws 3, fast metabolism 3, gourmand, regeneration 1,
shaggy fur 1, tough skin 2
a: no special abilities


You were on level 2 of the Dungeon.
You were hungry.

You visited 1 branch of the dungeon, and saw 2 of its levels.

You collected 35 gold pieces.

Inventory:

Hand Weapons
 a - a +0 hunting sling (weapon)
Missiles
 d - 4 sling bullets (quivered)
 i - 35 stones
Armour
 e - a +0 robe (worn)
Scrolls
 b - a scroll of immolation {unknown}
 g - a scroll of magic mapping {unknown}
 h - a scroll of fog {unknown}
 k - a scroll of teleportation {unknown}
Books
 c - a book of Debilitation

   Spells                             Type                      Level
   a - Corona                         Hexes                        1
   b - Slow                           Hexes                        2
   c - Inner Flame                    Hexes/Fire                   3
   d - Portal Projectile              Hexes/Translocation          3
   e - Cause Fear                     Hexes                        4
   f - Leda's Liquefaction            Hexes/Earth                  4
Comestibles
 f - 3 bread rations


   Skills:
 - Level 0.7 Fighting
 + Level 1.9 Slings
 - Level 1.5 Dodging
 - Level 1.0 Spellcasting
 + Level 2.5 Hexes


You had 3 spell levels left.
You knew the following spells:

 Your Spells              Type           Power        Failure   Level  Hunger
a - Corona                Hex            #......      14%         1    ##.....


Dungeon Overview and Level Annotations

Branches:
Dungeon (2/15)

Altars:

Annotations:
D:2 Sigmund


Innate Abilities, Weirdness & Mutations

You are too large for most types of armour.
You have claws for hands.
Your metabolism is lightning-fast.
You like to eat raw meat.
Your natural rate of healing is unusually fast.
You are covered in fur. (AC +1)
You have very tough skin. (AC +2)


Message History

You shoot a sling bullet. Something barely misses you.
Unknown command.
Firing (i - inventory. (,) - cycle):
d - 7 sling bullets (quivered)
Press: ? - help, Shift-Dir - straight line, f - bat
Aim: a bat You shoot a sling bullet.
The bat hits you.
* * * LOW HITPOINT WARNING * * *
Something hits you.
* * * LOW HITPOINT WARNING * * *
Unknown command.
Firing (i - inventory. (,) - cycle):
d - 6 sling bullets (quivered)
Press: ? - help, Shift-Dir - straight line, f - bat
Aim: a bat You shoot a sling bullet.
The bat hits you but does no damage.
Firing (i - inventory. (,) - cycle):
d - 5 sling bullets (quivered)
Press: ? - help, Shift-Dir - straight line, f - bat
Aim: a bat You shoot a sling bullet.
The bat barely misses you. The bat closely misses you. Something hits you!
You die...

.. #... ..#.... .#....
..>.# ## ####.#.. ).
......##.# #...b..# ..
#..@# ... #...# ...
#..{############ #.#
#..(##........{# #.#
#...##.#######.# .. #.#
#............#.#
#...###.#####.........#...#
+.............(...###.###.#
...###.#.................#


You could see a bat.

Vanquished Creatures
  Natasha (D:2)
  A giant cockroach (D:2)
  A goblin (D:1)
  2 hobgoblins
  4 bats
  2 rats
11 creatures vanquished.

Notes
Turn   | Place    | Note
-------+----------+-------------------------------------------
     0 | D:1      | M4edhros the Troll Arcane Marksman began the quest for the Orb.
     0 | D:1      | Reached XP level 1. HP: 18/18 MP: 1/1
   789 | D:2      | Noticed Natasha
   795 | D:2      | Noticed a crimson imp
   795 | D:2      | Killed Natasha
   795 | D:2      | Reached XP level 2. HP: 18/26 MP: 2/2
   795 | D:2      | Reached XP level 3. HP: 22/32 MP: 3/3
   952 | D:2      | Noticed Sigmund
   982 | D:2      | Slain by Sigmund

Vault maps used:
D:1:      dpeg_arrival_simpleton_c
D:2:      uniq_natasha, uniq_sigmund

Action                   || total
-------------------------++-------
 Fire: Hunting sling     ||    48
  Use: Potion            ||     1
  Eat: Chunk             ||     5
Armor: Robe              ||    10
Dodge: Dodged            ||     8
